 Dungeon Crawl Stone Soup version 0.24.0-125-gc4c63601f3 (webtiles) character file.

Game seed: 6924152617983387791, levelgen mode: deterministic

89 LraC the Shooter (level 4, -16/37 HPs)
             Began as a Centaur Hunter on Mar 6, 2020.
             Engulfed by a cloud of flame (19 damage)
             ... on level 3 of the Dungeon.
             The game lasted 00:16:43 (1414 turns).

LraC the Shooter (Centaur Hunter)                   Turns: 1414, Time: 00:16:45

Health: -16/37     AC:  5    Str: 15    XL:     4   Next: 31%
Magic:  4/4        EV:  9    Int: 10    God:
Gold:   102        SH:  0    Dex: 10    Spells: 3/3 levels left

rFire    . . .     SeeInvis .   b - +0 short sword
rCold    . . .     Gourm    .   (no shield)
rNeg     . . .     Faith    .   c - +0 leather armour
rPois    .         Spirit   .   (no helmet)
rElec    .         Reflect  .   (no cloak)
rCorr    .         Harm     .   h - +0 pair of gloves
MR       .....                  (no barding)
Stlth    ++........             (no amulet)
HPRegen  0.12/turn              e - ring of stealth
MPRegen  0.09/turn              (no ring)

@: berserk cooldown, very quick
A: large, hooves 3, deformed body, speed 2, tough skin 3
a: no special abilities


You were on level 3 of the Dungeon.
You were not hungry.

You visited 1 branch of the dungeon, and saw 3 of its levels.

You collected 102 gold pieces.

Inventory:

Hand Weapons
 a - a +1 shortbow
 b - a +0 short sword (weapon)
 g - a cursed -2 club
 k - a +0 dagger
 m - a +0 dagger
 q - a +0 club
 r - a +0 spear
 s - a +0 hunting sling
 t - a +0 club
 v - a +2 vampiric whip
 x - a +0 hand axe
 y - a +0 club
 z - a +0 hunting sling
Missiles
 d - 7 arrows
Armour
 c - a +0 leather armour (worn)
 h - a +0 pair of gloves (worn)
 l - a +0 ring mail
 n - a +0 shield
 w - a +0 leather armour
Jewellery
 e - a ring of stealth (left hand)
Scrolls
 u - a scroll of remove curse
Potions
 i - a potion of haste
 o - a potion of curing
Comestibles
 f - 4 rations


   Skills:
 + Level 2.4 Fighting
 + Level 0.6 Short Blades
 + Level 6.9 Bows
 + Level 0.1 Armour
 + Level 1.8 Dodging
 + Level 0.4 Stealth


You had 3 spell levels left.
You didn't know any spells.
Your spell library was empty.

Dungeon Overview and Level Annotations

Branches:
Dungeon (3/15)

Altars:


Innate Abilities, Weirdness & Mutations

You have hooves in place of feet.
Armour fits poorly on your strangely shaped body.
You cover ground very quickly.
You have extremely tough skin. (AC +3)


Message History

You see here 3 sling bullets.
The gnoll closely misses you.
You closely miss the gnoll. You kick the gnoll.
The gnoll explodes!
The fiery explosion engulfs the gnoll!!
The gnoll explodes!
The fiery explosion engulfs the goblin!
The goblin explodes!
The fiery explosion engulfs the goblin!!!
The goblin explodes!
The fiery explosion engulfs the goblin!!!
The goblin explodes!
You have reached level 4!
You feel stronger. The fiery explosion engulfs you!!
Ouch! That really hurt!
* * * LOW HITPOINT WARNING * * *
You are engulfed in blazing flames.
Ouch! That really hurt!
You die...

,,,,,w.#..#..........##..# **,,,,
,,,,,,,.......(.........## **,,,
,,,,*,,##.#.............### ****
,,,,,,**#........(.####<..###****
,,,,,** #....................,,,*
,,,,,* ##(.......###########*,,,
,,,,,####%........# *,,,
*,,,..............# ****
,,*,....###....§@##
***..###*####%.§§##### **,.,*
#....§§§§...#******* ,,,,**
#....§§§§§#....,,,,***** ,*,,*
#.$...?§§§#**##,,,,,,,,* ,,,**
#.....)...#* *,******,,
,,,******#.......%..#***,******,*
,,,,,,,,....(..........,,,,,,,,,,
,,,,,,,,..).(..........,,,,,,,,,,


There were no monsters in sight!

Vanquished Creatures
  An adder (D:2)
  2 gnolls (D:3)
  2 worms (D:2)
  3 dart slugs (D:1)
  A leopard gecko (D:2)
  A giant cockroach (D:1)
  9 goblins
  8 hobgoblins
  6 kobolds
  A quokka (D:2)
  5 bats
  3 frilled lizards
  3 rats (D:2)
45 creatures vanquished.

Notes
Turn   | Place    | Note
-------+----------+-------------------------------------------
     0 | D:1      | LraC the Centaur Hunter began the quest for the Orb.
     0 | D:1      | Reached XP level 1. HP: 17/17 MP: 1/1
    53 | D:1      | Reached XP level 2. HP: 24/24 MP: 2/2
   294 | D:1      | Reached skill level 6 in Bows
   706 | D:2      | Reached XP level 3. HP: 25/30 MP: 3/3
  1414 | D:3      | Reached XP level 4. HP: 24/37 MP: 4/4
  1414 | D:3      | Engulfed by a cloud of flame

Levels and vault maps discovered:
D:1:      psy_arrival_statuary, layout_rooms, grunt_decor_cap,
          minmay_tromino_mix6
D:2:      layout_basic, mrwooster_statue_mirror
D:3:      minmay_goblin_kobold_castle, layout_rooms, overflow_temple_1_default

Skill      XL: |  1  2 |
---------------+-------+-----
Bows           | 6 |  6.9
Fighting       | |  2.4
Short Blades   | |  0.6
Armour         | |  0.1
Dodging        | |  1.8
Stealth        | |  0.4

Action                   |  1- 3 |  4- 6 || total
-------------------------+-------+-------++-------
Melee: Shortbow          |     1 |       ||     1
       Short sword       |    12 |       ||    12
       Kick              |     5 |       ||     5
 Fire: Shortbow          |   113 |       ||   113
  Use: Potion            |     7 |       ||     7
       Scroll            |     8 |       ||     8
Armor: Leather armour    |    20 |       ||    20
Dodge: Dodged            |    22 |       ||    22
